 Dungeon Crawl Stone Soup version 0.26-a0-651-gb41185065b (webtiles) character file.

Game seed: 10570254420367248432

14114 raph the Grappler (level 11, -4/111 HPs)
             Began as a Troll Berserker on Oct 29, 2020.
             Was a High Priest of Trog.
             Slain by a blink frog (15 damage)
             ... on level 4 of the Lair of Beasts.
             The game lasted 00:19:57 (12453 turns).

raph the Grappler (Troll Berserker)                Turns: 12453, Time: 00:19:58

Health: -4/111     AC: 10    Str: 27    XL:     11   Next: 84%
Magic:  10/10      EV: 12    Int:  3    God:    Trog [*****.]
Gold:   776        SH: 14    Dex: 12    Spells: 10/10 levels left

rFire    . . .     SeeInvis .     - Unarmed
rCold    . . .     Faith    .   a - +4 kite shield {reflect}
rNeg     . . .     Spirit   .   J - +2 robe {MR+}
rPois    .         Reflect  +   s - +2 hat
rElec    .         Harm     .   (no cloak)
rCorr    .         Rampage  .   (gloves unavailable)
MR       ++++.                  (boots unavailable)
Stlth    +.........             (no amulet)
HPRegen  1.68/turn              o - ring of protection from magic
MPRegen  0.12/turn              (no ring)

@: berserk cooldown, regenerating
A: large, unfitting armour, claws 3, regeneration 1, shaggy fur 1, tough skin 3
a: Berserk, Trog's Hand, Brothers in Arms, Renounce Religion


You were on level 4 of the Lair of Beasts.
You worshipped Trog.
Trog was extremely pleased with you.
You visited 2 branches of the dungeon, and saw 14 of its levels.

You collected 812 gold pieces.
You spent 36 gold pieces at shops.

Inventory:

Missiles
 m - 8 javelins
 B - 3 large rocks (quivered)
 F - 8 silver javelins
Armour
 a - a +4 kite shield of reflection (worn)
 s - a +2 hat (worn)
 J - a +2 robe of magic resistance (worn)
Jewellery
 e - an uncursed ring of ice
 o - a ring of protection from magic (left claw)
 q - a +6 ring of intelligence
 y - a -4 ring of dexterity
Wands
 d - a wand of polymorph (11)
 x - a wand of iceblast (21)
 z - a wand of paralysis (6)
 H - a wand of disintegration (11)
Scrolls
 b - 2 scrolls of noise
 c - 6 scrolls of amnesia
 f - a scroll of teleportation
 g - 3 scrolls of remove curse
 p - 3 scrolls of magic mapping
 t - 3 scrolls of immolation
 C - 4 scrolls of enchant weapon
 G - 8 scrolls of identify
Potions
 h - 3 potions of degeneration
 i - 6 potions of haste
 j - 3 potions of berserk rage
 k - 2 potions of magic
 l - a potion of resistance
 n - a potion of invisibility
 r - a potion of cancellation {unknown}
 v - 4 potions of curing
 w - a potion of lignification {unknown}
 A - a potion of mutation
 D - a potion of might
 E - a potion of brilliance {unknown}
 I - 2 potions of stabbing {unknown}


   Skills:
 + Level 8.1 Fighting
 + Level 8.0 Dodging
 * Level 5.3 Shields
 * Level 12.9 Unarmed Combat


You had 10 spell levels left.
You didn't know any spells.
Your spell library was empty.

Dungeon Overview and Level Annotations

Branches:
Dungeon (10/15)            Temple (0/1) D:4            Lair (4/6) D:10
 Shoals (0/4) Lair:2          Orc (0/2) D:10
  Snake: Lair:2-4    Spider: Lair:2-4

Altars:
Cheibriados
Makhleb
Ru
Vehumet
The Shining One

Shops:
D:7 (

Annotations:
Lair:4 exclusion: 4 oklob plants


Innate Abilities, Weirdness & Mutations

You are too large for most types of armour.
You have claws for hands.
Your natural rate of healing is unusually fast.
You are covered in fur. (AC +1)
You have extremely tough skin. (AC +3)


Message History

Okay, then.
Okay, then.
Evoke which item? (* to show all) (? for menu, Esc to quit)
Okay, then.
The blink frog blinks!
The blink frog completely misses you. You block the blink frog's attack.
You mangle the blink frog!!
The blink frog is severely wounded.
You block the blink frog's attack.
The blink frog blinks! x2
Throwing (i - inventory. (/) - cycle)
B - 4 large rocks (quivered)
Press: ? - help, Shift-Dir - straight line, f - blink frog
Aim: a blink frog You throw a large rock.
The large rock barely misses the blink frog.
You feel yourself speed up. You block the blink frog's attack.
The blink frog completely misses you.
The blink frog blinks!
You block the blink frog's attack.
The blink frog blinks!
The blink frog completely misses you. The blink frog hits you!
You die...

### #### #..#
####@.# ##...##
#P.§FF###
#$.....##§......#
.......P........#
.................#
...................
..............?....#
.......F....(.......
...................


You could see 3 blink frogs.

Vanquished Creatures
  A hydra (Lair:3)
  A two-headed ogre (D:8)
  A deep elf mage (D:8)
  2 oklob plants (D:10)
  A merfolk siren (Lair:2)
  2 cane toads (Lair:2)
  A black mamba (Lair:1)
  4 komodo dragons
  2 merfolk (Lair:2)
  A hornet (D:10)
  A hippogriff (Lair:1)
  3 dream sheep (Lair:4)
  5 yaks
  3 porcupines
  3 orc warriors
  4 water moccasins
  An ice beast (D:7)
  A phantom (D:8)
  4 sky beasts
  A hornet zombie (D:10)
  8 ogres
  2 necrophages
  6 wolves (Lair:2)
  4 centaurs
  7 crocodiles
  11 bullfrogs
  3 big kobolds
  A water moccasin zombie (D:6)
  6 scorpions
  A wyvern skeleton (D:8)
  8 howler monkeys
  2 quasits (D:6)
  2 centaur zombies (D:10)
  5 hounds
  3 jellies
  A bullfrog skeleton (D:8)
  8 orc priests
  2 centaur skeletons
  4 orc wizards
  5 worker ants
  2 hound skeletons
  2 worker ant zombies
  8 gnolls
  A howler monkey skeleton (D:5)
  16 adders
  2 shadow imps (D:10)
  5 white imps
  2 ufetubi
  An adder zombie (D:8)
  2 worms
  2 dart slugs
  5 leopard geckos
  37 orcs
  5 giant cockroaches
  8 goblins
  4 hobgoblins
  12 jackals
  24 kobolds
  8 quokkas
  A ball python (D:2)
  A ball python skeleton (D:4)
  7 bats
  7 frilled lizards
  2 goblin skeletons (D:6)
  A goblin zombie (D:6)
  A hobgoblin zombie (D:6)
  2 kobold skeletons (D:6)
  A kobold zombie (D:6)
  An orc zombie (D:6)
  A quokka skeleton (D:7)
  10 rats
312 creatures vanquished.

Vanquished Creatures (collateral kills)
  A lindwurm (Lair:2)
  2 dream sheep (Lair:4)
3 creatures vanquished.

Vanquished Creatures (others)
  A crocodile (Lair:4)
  An orc wizard (D:8)
  An orc (D:8)
  10 fungi
  26 plants
39 creatures vanquished.

Grand Total: 354 creatures vanquished

Notes
Turn   | Place    | Note
-------+----------+-------------------------------------------
     0 | D:1      | raph the Troll Berserker began the quest for the Orb.
     0 | D:1      | Reached XP level 1. HP: 22/22 MP: 0/0
   157 | D:1      | Reached XP level 2. HP: 29/29 MP: 1/1
   431 | D:1      | Reached ** piety under Trog
   627 | D:1      | Reached XP level 3. HP: 36/36 MP: 2/2
  1350 | D:3      | Reached skill level 4 in Unarmed Combat
  1506 | D:3      | Reached XP level 4. HP: 44/44 MP: 3/3
  1623 | D:3      | Noticed an ice beast
  2264 | D:4      | Reached XP level 5. HP: 30/53 MP: 4/4
  2379 | D:4      | Found a snail-covered altar of Cheibriados.
  2406 | D:4      | Reached *** piety under Trog
  2560 | D:4      | Found a burning altar of Makhleb.
  2580 | D:4      | Reached skill level 5 in Unarmed Combat
  2658 | D:4      | Found a staircase to the Ecumenical Temple.
  2815 | D:4      | Reached XP level 6. HP: 61/61 MP: 5/5
  3366 | D:5      | Entered Level 5 of the Dungeon
  3389 | D:5      | Found a snail-covered altar of Cheibriados.
  3413 | D:5      | Reached skill level 6 in Unarmed Combat
  3417 | D:5      | Reached XP level 7. HP: 36/70 MP: 6/6
  3758 | D:5      | Reached skill level 7 in Unarmed Combat
  3819 | D:5      | Reached **** piety under Trog
  3849 | D:5      | Reached XP level 8. HP: 44/79 MP: 7/7
  4595 | D:6      | Reached skill level 8 in Unarmed Combat
  4632 | D:6      | Reached skill level 5 in Fighting
  4709 | D:6      | Found a glowing golden altar of the Shining One.
  4750 | D:6      | Reached skill level 5 in Dodging
  5108 | D:6      | Reached ***** piety under Trog
  5612 | D:7      | Found Evehuc's Weapon Emporium.
  5620 | D:7      | Bought 4 large rocks for 36 gold pieces
  5634 | D:7      | Reached skill level 9 in Unarmed Combat
  5634 | D:7      | Reached XP level 9. HP: 88/88 MP: 8/8
  6354 | D:8      | Noticed a deep elf mage
  6369 | D:8      | Killed a deep elf mage
  6369 | D:8      | Reached skill level 10 in Unarmed Combat
  7091 | D:8      | Noticed a two-headed ogre
  7097 | D:8      | Reached XP level 10. HP: 100/100 MP: 9/9
  7102 | D:8      | Killed a two-headed ogre
  7346 | D:9      | Reached skill level 11 in Unarmed Combat
  7850 | D:9      | Found a sacrificial altar of Ru.
  7850 | D:9      | Found a radiant altar of Vehumet.
  8081 | D:10     | Entered Level 10 of the Dungeon
  8116 | D:10     | Noticed an oklob plant
  8116 | D:10     | Noticed an oklob plant
  8483 | D:10     | Found a staircase to the Orcish Mines.
  8538 | D:10     | Identified a scroll of acquirement
  8538 | D:10     | Acquired a +0 kite shield of reflection
  8840 | D:10     | Reached skill level 1 in Shields
  9125 | D:10     | Found a staircase to the Lair.
  9447 | D:10     | Killed an oklob plant
  9457 | D:10     | Killed an oklob plant
  9508 | Lair:1   | Entered Level 1 of the Lair of Beasts
  9810 | Lair:1   | Noticed a black mamba
  9814 | Lair:1   | Killed a black mamba
  9814 | Lair:1   | Reached skill level 12 in Unarmed Combat
  9814 | Lair:1   | Reached XP level 11. HP: 109/109 MP: 10/10
 10234 | Lair:2   | Received a gift from Trog
 10299 | Lair:2   | Reached ****** piety under Trog
 10612 | Lair:2   | Noticed a lindwurm
 10621 | Lair:2   | Killed a lindwurm
 10850 | Lair:2   | Found a staircase to the Shoals.
 11594 | Lair:3   | Noticed a six-headed hydra
 11856 | Lair:3   | Killed a 13-headed hydra
 11970 | Lair:2   | Reached skill level 5 in Shields
 12262 | Lair:3   | You fall into a shaft and drop 1 floor!
 12398 | Lair:4   | Noticed a catoblepas
 12400 | Lair:4   | Noticed an oklob plant
 12400 | Lair:4   | Noticed an oklob plant
 12401 | Lair:4   | Noticed an oklob plant
 12401 | Lair:4   | Noticed an oklob plant
 12450 | Lair:4   | HP: 1/111 [blink frog (10)]
 12453 | Lair:4   | Slain by a blink frog

Illustrated notes

Levels and vault maps discovered:
D:1:      heliophobic_arrival_glass_houses, layout_basic, minmay_misc_feat_chi,
          minmay_box_of_dots
D:2:      minmay_wonky_spiral, layout_basic
D:3:      layout_loops_corners, lightli_corner_chamber
D:4:      layout_loops_ring, cheibriados_altar_1, minmay_temple_entry_glass,
          minivault_25, lemuel_altar_in_water
D:5:      layout_rooms, basic_altar, minmay_misc_feat_nine_boxes
D:6:      layout_basic, nicolae_tso_besieged_by_evil
D:7:      layout_cave_pods, serial_shops, shop
D:8:      layout_rooms
D:9:      layout_irregular_city, chequers_temple_overflow_statue_of_worship
D:10:     layout_gridville, dpeg_oklobed_lair, david_orc_3,
          minmay_quadrilaterals
Lair:1:   layout_gridlike
Lair:2:   layout_gridlike, elwin_shoals_entry_stream, lemuel_fruit_fields
Lair:3:   layout_gridlike, nicolae_quartered_pool_little, fungi_pond_lemuel
Lair:4:   layout_gridlike, spider_nest_entry_a, beast_lair_carwin_2,
          minmay_lair_oklob_chamber, lemuel_fruit_fields, grunt_megastairs_3

Skill      XL: |  1  2  3  4  5  6  7  8  9 10 11 |
---------------+----------------------------------+-----
Unarmed Combat | 4 5 6 7 9 10 12 | 12.9
Fighting       | 3 4 5 6 7 8 |  8.1
Dodging        | 3 4 5 6 7 8 |  8.0
Shields        | 2 5 |  5.3

Action                   |  1- 3 |  4- 6 |  7- 9 | 10-12 || total
-------------------------+-------+-------+-------+-------++-------
Melee: Unarmed           |   100 |   147 |   287 |   399 ||   933
       Punch             |     3 |     4 |     6 |     6 ||    19
Throw: Large rock        |       |       |     7 |     4 ||    11
Invok: Berserk           |       |     3 |    10 |     7 ||    20
       Trog's Hand       |       |     1 |     1 |     7 ||     9
       Brothers in Arms  |       |       |       |     2 ||     2
  Use: Scroll            |       |       |    22 |    14 ||    36
       Potion            |       |       |       |     3 ||     3
 Stab: Invisible         |       |       |       |     3 ||     3
       Sleeping          |       |       |       |     1 ||     1
       Petrified         |       |       |       |     2 ||     2
Armor: Animal skin       |    42 |    39 |   113 |     6 ||   200
       Robe              |       |       |       |   102 ||   102
Dodge: Dodged            |    52 |    78 |   197 |   169 ||   496
Block: Kite shield       |       |       |       |   156 ||   156

Table legend: (Time is in decaauts)
 A = Elapsed time spent in this place.
 B = Non-inter-level travel time spent in this place.
 C = Inter-level travel time spent in this place.
 D = Time resting spent in this place.
 E = Time spent auto-exploring this place.
 F = Levels seen in this place.
 G = Mean time per level.
                   A        B        C        D        E       F      G
               +--------+--------+--------+--------+--------+-----+--------+
         Total |  12518 |  12197 |    321 |   3492 |   6596 |  14 |  894.1 |
       Dungeon |   9548 |   9291 |    257 |   2542 |   5033 |  10 |  954.8 |
          Lair |   2969 |   2905 |     64 |    949 |   1563 |   4 |  742.2 |
               +--------+--------+--------+--------+--------+-----+--------+

Top non-repeatable levels by time:
  Lair:2: 1524 daAuts
    D:10: 1411 daAuts
     D:4: 1144 daAuts
     D:6: 1101 daAuts
     D:7: 1000 daAuts
     D:5: 961 daAuts
     D:3: 922 daAuts
     D:8: 909 daAuts
     D:9: 781 daAuts
     D:2: 663 daAuts
     D:1: 652 daAuts
  Lair:1: 649 daAuts
  Lair:3: 587 daAuts
  Lair:4: 207 daAuts
